 Dungeon Crawl Stone Soup version 0.27.0-1-g7a089689b8 (webtiles) character file.

Game seed: 9210565806904549320

44 unlimited1921 the Bolt Thrower (level 3, 0/23 HPs)
             Began as a Kobold Hunter on Aug 4, 2021.
             Killed from afar by Natasha (6 damage)
             ... with a magic dart
             ... on level 2 of the Dungeon.
             The game lasted 00:15:20 (1367 turns).

unlimited1921 the Bolt Thrower (Kobold Hunter)      Turns: 1367, Time: 00:15:21

Health: 0/23       AC:  3    Str:  9    XL:     3   Next: 87%
Magic:  5/5        EV: 14    Int: 13    God:
Gold:   8          SH:  0    Dex: 15    Spells: 3/5 levels left

rFire    . . .     SeeInvis .   a - +1 hand crossbow
rCold    . . .     Faith    .   (shield restricted)
rNeg     . . .     Spirit   .   c - +0 leather armour
rPois    .         Reflect  .   (no helmet)
rElec    .         Harm     .   (no cloak)
rCorr    .         Rampage  .   (no gloves)
Will     .....                  (no boots)
Stlth    +++.......             (no amulet)
HPRegen  0.07/turn              (no ring)
MPRegen  0.09/turn              (no ring)

@: no status effects
A: small, no large weapons, nightstalker 3
a: no special abilities


You were on level 2 of the Dungeon.
You visited 1 branch of the dungeon, and saw 2 of its levels.

You collected 8 gold pieces.

Inventory:

Hand Weapons
 a - a +1 hand crossbow (weapon)
 b - a +0 short sword
 f - a +0 hunting sling
Missiles
 d - 14 bolts (quivered ammo)
Armour
 c - a +0 leather armour (worn)
Jewellery
 g - a ring of fire
Scrolls
 e - 3 scrolls of identify {unknown}


   Skills:
 * Level 3.2 Fighting
 - Level 4.8 Crossbows
 - Level 0.6 Armour
 + Level 2.6 Dodging
 + Level 1.5 Stealth
 * Level 1.6 Spellcasting


You had 3 spell levels left.
You knew the following spells:

 Your Spells              Type           Power      Damage    Failure   Level
a - Blink                 Tloc           N/A        N/A       50%         2

Your spell library contained the following spells:

 Spells                   Type           Power      Damage    Failure   Level
 Lesser Beckoning         Tloc           0%         N/A       73%         3
 Manifold Assault         Tloc           1%         N/A       100%        5


Dungeon Overview and Level Annotations

Branches:
Dungeon (2/15)

Altars:

Annotations:
D:2 1 runed translucent door, Crazy Yiuf, Natasha


Innate Abilities, Weirdness & Mutations

You are small and have problems with some larger weapons.
You are completely attuned to the shadows.


Message History

Fire: 13 bolts
Press: ? - help, Q - select action Shift-Dir - straight line, f/p - adder
Aim: an adder (moderately wounded, 51% to hit)
You shoot a bolt. The bolt hits the adder!
You kill the adder!
Your Fighting skill increases to level 3!
d - 14 bolts (gained 2)
d - 15 bolts (gained 1)
d - 18 bolts (gained 3) Natasha, Servant of Life and Death comes into view.
Natasha hisses angrily.
Natasha wildly gestures.
You feel disoriented.
Fire: 18 bolts
Press: ? - help, Q - select action Shift-Dir - straight line, f - Natasha
Aim: Natasha (60% to hit)
You shoot a bolt. The bolt hits Natasha.
Natasha is moderately wounded.
Natasha claws you!
Fire: 17 bolts
Press: ? - help, Q - select action Shift-Dir - straight line, f/p - Natasha
Aim: Natasha (moderately wounded, 60% to hit)
You shoot a bolt.
The bolt hits Natasha but does no damage.
Natasha is moderately wounded.
Natasha claws you.
Fire: 16 bolts
Press: ? - help, Q - select action Shift-Dir - straight line, f/p - Natasha
Aim: Natasha (moderately wounded, 60% to hit)
You shoot a bolt. The bolt closely misses Natasha.
Natasha barely misses you.
Fire: 15 bolts
Press: ? - help, Q - select action Shift-Dir - straight line, f/p - Natasha
Aim: Natasha (moderately wounded, 60% to hit)
You shoot a bolt. The bolt barely misses Natasha.
Natasha claws you.
* * * LOW HITPOINT WARNING * * *
Natasha stares at you and mumbles some strange words.
The magic dart hits you.
You die...

# #.######.
#........
####@####
#....h...
#..###..#
#######.##
...
#........# .(
#.####.......
#.# #...#.#.
#.####.......
#.##.......#.


You could see Natasha.

Vanquished Creatures
  An adder (D:2)
  A dart slug (D:1)
  4 ball pythons (D:1)
  2 bats
  2 endoplasms
  A giant cockroach (D:1)
  4 goblins (D:1)
  5 hobgoblins (D:1)
  4 jackals (D:1)
  A kobold (D:1)
  A quokka (D:1)
  A frilled lizard (D:1)
  A rat (D:1)
28 creatures vanquished.

Notes
Turn   | Place    | Note
-------+----------+-------------------------------------------
     0 | D:1      | unlimited1921 the Kobold Hunter began the quest for the
                  | Orb.
     0 | D:1      | Reached XP level 1. HP: 12/12 MP: 1/1
   156 | D:1      | Reached XP level 2. HP: 17/18 MP: 3/3
   220 | D:1      | Reached skill level 1 in Spellcasting
   255 | D:1      | Found a faded altar of an unknown god.
   607 | D:1      | Reached XP level 3. HP: 22/22 MP: 4/4
   610 | D:1      | Learned a level 2 spell: Blink
  1291 | D:2      | Found a runed translucent door.
  1294 | D:2      | Noticed Crazy Yiuf
  1363 | D:2      | Noticed Natasha
  1367 | D:2      | Killed from afar by Natasha

Illustrated notes

Levels and vault maps discovered:
D:1:      dpeg_arrival_three_smaller_balls, layout_basic,
          dreamdust_ecumenical_altar_grove
D:2:      kennysheep_big_flooded_room, layout_loops_corners, basic_altar,
          uniq_crazy_yiuf_cottage, uniq_natasha

Skill      XL: |  1  2  3 |
---------------+----------+-----
Spellcasting   | 1 |  1.6
Fighting       | 3 |  3.2
Crossbows      | |  4.8
Armour         | |  0.6
Dodging        | |  2.6
Stealth        | |  1.5

Action                   || total
-------------------------++-------
 Fire: Hand crossbow     ||    55
 Cast: Blink             ||     1
Armor: Leather armour    ||     5
Dodge: Dodged            ||    18
